Map: Ascension to Aiur LE

Players

MacGyvertoss

  • Race: Protoss Protoss
  • League: Diamond
  • Spawn Location: 11:00

TWBolek - Winner!

  • Race: Terran Terran
  • League: Diamond
  • Spawn Location: 5:00

VOD

Have the link to the VOD?

Description

Time

  • Played on: Jan. 23, 2018, 3:31 p.m.
  • Length: 12:19
Show
View Real Time Build Order
Export as new Build Order

MacGyvertoss Protoss 

Build Orders: 1 Gate Expand, Forge Fast Expand (FFE), Blink Stalkers 

Get SALT Encoding   

  12  0:00  Probe  
  13  0:13  Probe  
  14  0:19  Pylon  
  14  0:25  Probe  
  15  0:37  Probe (Chrono Boost)  
  15  0:38  Forge  
  16  0:42  Gateway  
  16  0:49  Probe (Chrono Boost)  
  17  0:52  Assimilator  
  17  0:57  Probe (Chrono Boost)  
  18  1:08  Probe  
  19  1:26  Nexus  
  19  1:34  Cybernetics Core  
  19  1:37  Probe  
  20  1:49  Probe  
  21  2:01  Probe  
  21  2:03  Pylon, Assimilator  
  21  2:12  Adept  
  23  2:17  Warp Gate  
  23  2:21  Probe  
  24  2:33  Probe  
  25  2:39  Adept  
  27  2:45  Probe  
  27  2:57  Probe (Chrono Boost)  
  28  3:00  Probe (Chrono Boost)  
  29  3:08  Probe (Chrono Boost)  
  29  3:10  Probe (Chrono Boost)  
  29  3:11  Twilight Council  
  31  3:13  Probe (Chrono Boost)  
  31  3:15  Probe (Chrono Boost)  
  31  3:18  Stalker  
  35  3:23  Probe  
  37  3:27  Probe  
  37  3:35  Probe  
  37  3:37  Gateway  
  37  3:39  Probe  
  39  3:43  Gateway  
  39  3:47  Probe  
  40  3:51  Probe  
  40  3:52  Blink (Chrono Boost)  
  41  4:00  Probe  
  42  4:03  Probe  
  43  4:12  Probe  
  43  4:15  Probe, Assimilator  
  45  4:18  Assimilator  
  45  4:22  Pylon  
  45  4:24  Probe  
  44  4:27  Probe  
  44  4:28  Robotics Facility  
  45  4:36  Probe  
  46  4:40  Probe  
  47  4:48  Probe  
  47  4:51  Stalker x3  
  54  4:54  Gateway  
  54  4:56  Shield Battery  
  54  4:58  Shield Battery  
  54  5:04  Pylon  
  54  5:05  Pylon  
  54  5:20  Immortal (Chrono Boost)  
  54  5:21  Charge (Chrono Boost)  
  54  5:22  Probe x2  
  60  5:29  Stalker x2  
  60  5:30  Pylon  
  60  5:32  Stalker  
  60  5:34  Probe  
  67  5:36  Probe  
  68  5:46  Pylon  
  68  5:57  Immortal  
  68  6:02  Stalker x2, Pylon  
  76  6:05  Stalker  
  78  6:23  Nexus  
  78  6:34  Pylon  
  78  6:36  Observer  
  79  6:41  Probe  
  79  6:45  Probe  
  81  6:53  Probe  
  81  6:54  Forge  
  82  6:58  Immortal  
  87  7:01  Probe  
  87  7:04  Pylon  
  87  7:06  Probe, Pylon  
  88  7:08  Pylon  
  88  7:13  Probe  
  81  7:18  Probe  
  81  7:21  Zealot x4  
  81  7:22  Protoss Ground Weapons Level 1 (Chrono Boost)  
  84  7:28  Gateway  
  84  7:30  Gateway  
  84  7:33  Forge  
  84  7:35  Probe  
  84  7:36  Probe  
  86  7:38  Immortal (Chrono Boost)  
  90  7:56  Probe  
  90  7:58  Assimilator  
  91  8:01  Assimilator  
  91  8:07  Stalker x3  
  91  8:10  Probe  
  91  8:11  Probe  
  99  8:16  Nexus  
  99  8:17  Protoss Ground Armor Level 1 (Chrono Boost)  
  99  8:23  Zealot  
  101  8:28  Immortal  
  101  8:34  Robotics Bay  
  105  8:37  Robotics Facility  
  105  8:45  Pylon  
  105  8:46  Probe x2  
  107  8:54  Dark Shrine, Probe  
  108  8:58  Probe, Pylon  
  108  9:00  Pylon  
  108  9:02  Pylon  
  109  9:05  Pylon  
  109  9:08  Protoss Ground Weapons Level 2 (Chrono Boost)  
  104  9:20  Photon Cannon  
  104  9:22  Photon Cannon  
  104  9:25  Zealot  
  104  9:26  Zealot x5  
  90  9:40  Probe x2  
  90  9:41  Colossus  
  86  9:53  Extended Thermal Lance (Chrono Boost)  
  86  9:54  Probe (Chrono Boost)  
  89  10:00  Probe (Chrono Boost)  
  89  10:01  Probe (Chrono Boost)  
  89  10:02  Probe (Chrono Boost)  
  89  10:05  Probe (Chrono Boost)  
  92  10:10  Probe x2 (Chrono Boost)  
  93  10:20  Probe x2 (Chrono Boost)  
  96  10:24  Probe (Chrono Boost)  
  96  10:26  Probe (Chrono Boost)  
  94  10:29  Probe (Chrono Boost)  
  94  10:32  Probe (Chrono Boost)  
  97  10:36  Probe (Chrono Boost)  
  97  10:40  Probe (Chrono Boost)  
  97  10:42  Probe (Chrono Boost)  
  99  10:43  Probe (Chrono Boost)  
  99  10:45  Probe (Chrono Boost)  
  99  10:46  Probe (Chrono Boost)  
  101  10:50  Probe  
  101  10:55  Probe  
  103  11:04  Zealot x6  
  58  11:25  Zealot x4  
  58  11:26  Zealot x2  
  58  11:31  Immortal x2  
  64  11:44  Dark Templar x2  
  64  11:46  Dark Templar x2  
  68  12:07  Dark Templar  
Show
View Real Time Build Order
Export as new Build Order

TWBolek Terran - Winner!

Build Orders: Mech 

Get SALT Encoding   

  12  0:00  SCV  
  13  0:13  SCV  
  14  0:18  Supply Depot  
  14  0:25  SCV  
  15  0:30  Refinery  
  15  0:40  SCV  
  16  0:46  Barracks  
  16  0:53  SCV  
  17  1:05  SCV  
  18  1:17  SCV  
  19  1:34  Reaper, Orbital Command  
  19  1:38  Refinery  
  20  2:02  SCV  
  21  2:09  Barracks Reactor  
  21  2:13  Command Center  
  21  2:19  Factory  
  21  2:20  SCV  
  22  2:32  SCV  
  23  2:53  SCV  
  23  3:02  Factory  
  23  3:03  Supply Depot  
  23  3:14  Engineering Bay  
  23  3:15  Barracks Reactor  
  23  3:24  SCV  
  23  3:25  Orbital Command  
  24  3:29  Cyclone x2  
  30  3:36  SCV  
  31  3:48  SCV  
  31  3:54  Supply Depot  
  32  3:59  SCV  
  32  4:00  SCV  
  33  4:11  SCV  
  33  4:12  Command Center  
  33  4:13  Barracks Tech Lab  
  33  4:16  SCV  
  34  4:23  SCV  
  35  4:28  SCV  
  35  4:31  Hellion x2  
  40  4:35  SCV  
  41  4:40  SCV  
  42  4:46  Supply Depot  
  42  4:50  SCV  
  43  4:56  Hellion x2  
  47  5:00  Siege Tank  
  47  5:04  SCV  
  47  5:06  Refinery  
  47  5:07  Refinery  
  51  5:09  SCV  
  51  5:11  Supply Depot  
  52  5:16  SCV, Infernal Pre-Igniter  
  53  5:25  Cyclone x2  
  59  5:36  SCV  
  59  5:37  SCV, Orbital Command  
  61  5:45  Missile Turret  
  61  5:51  Siege Tank  
  64  5:58  Supply Depot  
  64  6:05  Armory  
  64  6:07  Armory  
  64  6:09  SCV  
  66  6:11  SCV x2  
  63  6:21  SCV  
  63  6:23  SCV  
  61  6:27  Factory  
  61  6:31  SCV  
  62  6:33  SCV  
  62  6:35  Factory  
  62  6:39  Factory  
  63  6:41  SCV  
  63  6:43  SCV  
  65  6:48  Hellion x3  
  65  6:52  Terran Vehicle Weapons Level 1  
  71  6:58  Terran Vehicle And Ship Armor Level 1  
  66  7:17  Orbital Command  
  66  7:21  Factory Tech Lab  
  68  7:22  Cyclone  
  68  7:23  Cyclone  
  68  7:24  SCV  
  72  7:34  Siege Tank  
  72  7:35  Factory Tech Lab  
  72  7:36  Supply Depot  
  72  7:37  Supply Depot x2  
  75  7:39  SCV x2, Supply Depot  
  77  7:45  SCV  
  77  7:51  SCV x2  
  80  7:55  Hellion x2, Refinery  
  80  7:57  SCV  
  85  8:02  Missile Turret  
  85  8:03  SCV x2  
  87  8:08  Sensor Tower  
  87  8:09  SCV, Siege Tank x2  
  94  8:20  Hellion x5  
  102  8:27  SCV x2  
  102  8:29  SCV  
  102  8:32  Refinery  
  105  8:39  SCV  
  106  8:44  Command Center  
  106  8:50  Supply Depot  
  106  8:51  Supply Depot  
  106  8:54  Supply Depot  
  106  8:56  Hellion  
  106  8:57  Hellion x3  
  106  8:58  Cyclone x3  
  106  9:00  SCV x2  
  125  9:03  Terran Vehicle Weapons Level 2  
  125  9:11  SCV  
  125  9:13  SCV x2  
  125  9:14  Terran Vehicle And Ship Armor Level 2  
  128  9:23  SCV  
  129  9:25  SCV  
  128  9:45  Hellion x3  
  130  9:46  Hellion, Cyclone x3  
  130  9:52  Drilling Claws  
  129  9:56  Rapid Fire Launchers  
  129  9:57  SCV x3  
  132  10:09  SCV x3  
  132  10:10  Command Center  
  132  10:11  Hellion  
  132  10:12  Hellion x3  
  144  10:21  SCV x3  
  144  10:23  Starport  
  144  10:24  Starport  
  144  10:25  Starport  
  146  10:33  SCV  
  146  10:34  Hellion x5  
  157  10:41  Siege Tank x2  
  163  10:55  Siege Tank  
  164  11:13  Siege Tank x2  
  164  11:16  Hellion x4  
  143  11:27  SCV x2  
  143  11:28  Siege Tank  
  145  11:37  SCV  
  145  11:39  SCV x2  
  139  11:51  Hellion x4  
Tags
 
Add a new tag
Caveats
  • Supply blocks, unpowered buildings, or Contaminate may cause inaccurate times.
  • Supply counts are checked every 10 seconds.